[Event "*** Titled Tuesday Blitz"]
[Site "Chess.com"]
[Date "2020.05.05"]
[Round "5"]
[White "Mischuk_D"]
[Black "kikydu96"]
[Result "1-0"]
[WhiteElo "2614"]
[BlackElo "2359"]
[TimeControl "180+1"]
[EndTime "10:56:33 PDT"]
[Termination "Mischuk_D won on time"]

1. e4 e5 2. Nf3 Nc6 3. Bb5 Nf6 4. O-O Nxe4 5. d4 Nd6 6. Bxc6 dxc6 7. dxe5 Nf5 8.
Qxd8+ Kxd8 9. h3 Be7 10. g4 Nh4 11. Nxh4 Bxh4 12. Nd2 Re8 13. f4 h5 14. Nf3 Be7 15. f5 hxg4 16. hxg4 g6 17. Rd1+ Bd7 18. fxg6 fxg6 19. e6 Bc5+ 20. Kg2 Rxe6 21. Bf4 Re2+ 22. Kg3 Kc8 23. Rd2 Rxd2 24. Nxd2 Bd6 25. Rh1 b6 26.
Rh6 Bxf4+ 27. Kxf4 Kb8 28. Rxg6 Kb7 29. Rg7 Rf8+ 30.
Kg3 Be6 31. b3 c5 32. g5 Bd5 33. c4 Bc6 34. g6 Rd8 35. Nf1 Rd1 36. Ne3 Rd3 37.
Kf4 Rd4+ 38. Kg5 Rd2 39. Re7 Rd8 40. g7 Bf3 41. Nf5 Bd1 42. Nh6 a5 43. g8=Q Rxg8+ 44. Nxg8 a4 45. Re3 axb3 46. axb3 Ka6 47. Ne7 b5 48. Kf4 Ka5 49. Nc6+ Kb6 50. Ne5 Ka5 51. Ke4 1-0

[Event "*** Titled Tuesday Blitz"]
[Site "Chess.com"]
[Date "2020.05.05"]
[Round "5"]
[White "NefeLV"]
[Black "starplatinum2030"]
[Result "0-1"]
[WhiteElo "1786"]
[BlackElo "2124"]
[TimeControl "180+1"]
[EndTime "10:56:33 PDT"]
[Termination "starplatinum2030 won by resignation"]

1. c4 e5 2. Nc3 Nf6 3. g3 c6 4.
Bg2 d5 5. cxd5 cxd5 6. d4 e4 7. Be3 Nc6 8. Nh3 Ng4 9. Bg5 Be7 10. Bxe7 Qxe7 11. e3 Be6 12. Nf4 Rd8 13. h3 Nf6 14. O-O Qd7 15. Kh2 h5 16. Nxe6 fxe6 17. f3 exf3 18.
Bxf3 e5 19. Bg2 e4 20. Qb3 h4 21. Rf4 hxg3+ 22. Kxg3 Nh5+ 23. Kh2 Nxf4 0-1

[Event "*** Titled Tuesday Blitz"]
[Site "Chess.com"]
[Date "2020.05.05"]
[Round "5"]
[White "penguingm1"]
[Black "GMartin_Petrov"]
[Result "1-0"]
[WhiteElo "2825"]
[BlackElo "2608"]
[TimeControl "180+1"]
[EndTime "10:56:34 PDT"]
[Termination "penguingm1 won by checkmate"]

1. d4 Nf6 2. c4 e6 3. Nc3 Bb4 4.
Qc2 d5 5. cxd5 exd5 6. Bg5 h6 7. Bh4 g5 8. Bg3 Ne4 9. e3 h5 10. h4 Nxg3 11. fxg3 Qe7 12. Qf2 Nc6 13. Bb5 Bd7 14.
Nf3 gxh4 15. Nxh4 O-O-O 16. O-O Be6 17. Rac1 Rhg8 18. Ne2 Bd6 19. Bxc6 bxc6 20. Rxc6 Bxg3 21. Nxg3 Qxh4 22. Nf5 Qxf2+ 23. Rxf2 Kd7 24. Ra6 Rg5 25. Nh4 Rdg8 26. Nf3 Rg3 27. Ne5+ Ke7 28. Rxa7 Rxe3 29. Rxc7+ Kd6 30. Rfc2 Re4 31. R2c6# 1-0

[Event "*** Titled Tuesday Blitz"]
[Site "Chess.com"]
[Date "2020.05.05"]
[Round "5"]
[White "mirceaparligras"]
[Black "Bodnar_Mykola"]
[Result "0-1"]
[WhiteElo "2626"]
[BlackElo "2442"]
[TimeControl "180+1"]
[EndTime "10:56:34 PDT"]
[Termination "Bodnar_Mykola won by resignation"]

1. d4 Nf6 2. Bf4 d5 3. e3 c5 4.
Nf3 e6 5. Nbd2 Bd6 6. Bg3 Qc7 7.
c3 b6 8. Bd3 Nbd7 9. O-O Bxg3 10. hxg3 O-O 11. Qe2 e5 12. e4 Bb7 13. exd5 exd4 14. c4 Rfe8 15. Qd1 Ne5 16. Qc2 Nxd3 17. Qxd3 Bc8 18. Rfe1 Bg4 19. Ne4 Nxe4 20. Rxe4 Rxe4 21. Qxe4 Bxf3 22. gxf3 Rd8 23. Re1 g6 24. Qe7 Qd7 25.
Qxd7 Rxd7 26. Re8+ Kg7 27. Kf1 Kf6 28. f4 Re7 29. Rxe7 Kxe7 30. Ke2 Kf6 31. a3 Kf5 32. f3 h5 33. b4 Kf6 34. b5 Ke7 35. Kd3 f6 36. Ke2 g5 37. fxg5 fxg5 38. Kf2 h4 39.
gxh4 gxh4 40. f4 h3 41. Kg3 d3 0-1

[Event "*** Titled Tuesday Blitz"]
[Site "Chess.com"]
[Date "2020.05.05"]
[Round "5"]
[White "tsvet2005"]
[Black "Gvetadze"]
[Result "0-1"]
[WhiteElo "2513"]
[BlackElo "2388"]
[TimeControl "180+1"]
[EndTime "10:56:34 PDT"]
[Termination "Gvetadze won by checkmate"]

1. d4 Nf6 2. c4 g6 3. Nc3 Bg7 4. e4 O-O 5. Be2 c5 6. d5 e6 7. Be3 exd5 8. cxd5 Re8 9. Qc2 d6 10. Nf3 Na6 11. a3 Nc7 12. O-O Rb8 13. a4 a6 14. a5 b5 15. axb6 Rxb6 16. Nd2 Nb5 17. Nc4 Rb8 18. Na5 Bd7 19. Nxb5 axb5 20. Bf3 Qe7 21.
Rfe1 Nxe4 22. Bf4 f5 23. Nc6 Bxc6 24. dxc6 Rbc8 25. Qb3+ Kh8 26. Qxb5 Rb8 27. Qa4 Bxb2 28. Rab1 Bd4 29. Rxb8 Rxb8 30. Qc4 Bxf2+ 31. Kf1 Bxe1 32. Kxe1 Rb1+ 33. Ke2 Nf2+ 34. Be3 Rb2+ 35. Kf1 Qxe3 36. g4 Qxf3 37. Qc3+ Qxc3 38. c7 Qc1+ 39. Kg2 Nxg4+ 40.
Kh3 Rxh2+ 41. Kg3 Qe3# 0-1

[Event "*** Titled Tuesday Blitz"]
[Site "Chess.com"]
[Date "2020.05.05"]
[Round "5"]
[White "kuba2006"]
[Black "Rodalquilar"]
[Result "0-1"]
[WhiteElo "2425"]
[BlackElo "2640"]
[TimeControl "180+1"]
[EndTime "10:56:35 PDT"]
[Termination "Rodalquilar won by checkmate"]

1. e4 e5 2. Nf3 Nc6 3. Bb5 a6 4. Ba4 Nf6 5. O-O Be7 6. Re1 b5 7. Bb3 d6 8. c3 O-O 9. d4 Bg4 10.
d5 Na5 11. Bc2 c6 12. h3 Bc8 13. dxc6 Qc7 14. Nbd2 Qxc6 15. Nf1 Nc4 16. Ng3 Be6 17. Ng5 Bd7 18. Nf5 Bxf5 19. exf5 d5 20. b3 Nb6 21. Bb2 e4 22. h4 Qc8 23. Qd4 Bc5 24. Qd2 Qxf5 25. c4 bxc4 26. b4 Bd6 27. Bd4 Nbd7 28. f3 Bf4 29. Qc3 Bxg5 30. hxg5 Qxg5 31. fxe4 Rae8 32.
exd5 Nxd5 33. Qh3 N7f6 34. Rf1 Re2 35. Bd1 Nf4 36. Rxf4 Qxf4 37. Bc5 Re1# 0-1

[Event "*** Titled Tuesday Blitz"]
[Site "Chess.com"]
[Date "2020.05.05"]
[Round "5"]
[White "FMJoseHerrera"]
[Black "Lion-Al-Messi"]
[Result "0-1"]
[WhiteElo "2575"]
[BlackElo "2429"]
[TimeControl "180+1"]
[EndTime "10:56:35 PDT"]
[Termination "Lion-Al-Messi won on time"]

1. Nf3 b6 2. g3 Bb7 3. Bg2 Nf6 4. d3 e6 5. O-O Be7 6. b3 O-O 7. Bb2 d6 8. Nbd2 Nbd7 9. e4 c5 10. Qe2 Qc7 11. c3 Rae8 12. a4 Ne5 13. Nxe5 dxe5 14. f4 exf4 15. gxf4 Rd8 16. Nc4 Ba6 17. a5 b5 18. Ne5 c4 19. bxc4 bxc4 20. d4 Rb8 21. f5 exf5 22. Rxf5 Rb3 23. Bc1 Rxc3 24. Bf4 Qc8 25.
Rf1 Ra3 26. Qf2 c3 27. Rc1 Rxa5 28. d5 Bc5 29. Be3 Ra2 30. Bxc5 Rxf2 31. Bxf2 Nxd5 32. Rf3 Nf6 33. Rfxc3 Qe6 34. Bg3 h5 35. Rc6 Rc8 36.
Rxc8+ Bxc8 37. Rc6 Qe8 38. Rc7 Be6 39. Rxa7 Qb5 40.
Bf1 Qc5+ 41. Bf2 Qxe5 42. Ra8+ Kh7 43. Ra4 Ng4 44. Bg3 Qc5+ 45. Kg2 Qc2+ 0-1

[Event "*** Titled Tuesday Blitz"]
[Site "Chess.com"]
[Date "2020.05.05"]
[Round "5"]
[White "Barbus89"]
[Black "yandry1996"]
[Result "1-0"]
[WhiteElo "2341"]
[BlackElo "2168"]
[TimeControl "180+1"]
[EndTime "10:56:35 PDT"]
[Termination "Barbus89 won by resignation"]

1. d4 d5 2. c4 e6 3. Nf3 c6 4. g3 dxc4 5. Bg2 b5 6. O-O Bb7 7. b3 cxb3 8. Qxb3 Nf6 9. Ne5 Qxd4 10. Bb2 Qb6 11. Bh3 c5 12. Na3 a6 13. Nxf7 Kxf7 14.
Nc4 Qc7 15. Ne5+ Ke8 16. Qxe6+ Be7 17. Qf7+ Kd8 18. Rad1+ Nbd7 19. Qe6 Bc8 20. Nf7+ Ke8 21. Nd6+ Kd8 22. Bxf6 Nxf6 23. Nxb5+ 1-0

[Event "*** Titled Tuesday Blitz"]
[Site "Chess.com"]
[Date "2020.05.05"]
[Round "5"]
[White "AlexZambrano"]
[Black "fish7728"]
[Result "1-0"]
[WhiteElo "2281"]
[BlackElo "2051"]
[TimeControl "180+1"]
[EndTime "10:56:35 PDT"]
[Termination "AlexZambrano won by resignation"]

1. Nf3 Nf6 2. d4 d5 3. g3 e6 4.
Bg2 Be7 5. O-O O-O 6. c4 b6 7.
Nc3 Bb7 8. cxd5 Nbd7 9. dxe6 fxe6 10. Qd3 c5 11. Qc4 Bd5 12. Nxd5 exd5 13. Qd3 c4 14. Qc2 Ne4 15. Bf4 Ndf6 16. Ng5 Qd7 17. Nxe4 Nxe4 18. Bxe4 dxe4 19. Qxe4 Rae8 20. Rad1 Bg5 21. Be5 Rf6 22.
f4 Bh6 23. Rc1 Rg6 24. Rxc4 Qb5 25. b3 a5 26. Rfc1 a4 27. Rxa4 Qd7 28. Ra8 Re6 29. Rxe8+ Rxe8 30. Qc6 Qf7 31. Qc4 Re6 32. Qc8+ Re8 33.
Qc7 Qh5 34. Qc6 Rf8 35. Qf3 Qg6 36. Rc6 Qb1+ 37. Kg2 Qxa2 38. Rxb6 Qa7 39. Rb7 Qa6 40. Qd5+ Kh8 41. Kf2 Qg6 42. Rb8 Rxb8 43. Bxb8 Qe8 44. Be5 Qc8 45. Qc5 Qa8 46. Qc7 Kg8 47. Qb8+ 1-0

[Event "*** Titled Tuesday Blitz"]
[Site "Chess.com"]
[Date "2020.05.05"]
[Round "5"]
[White "Caterpiller35"]
[Black "leopato"]
[Result "0-1"]
[WhiteElo "2284"]
[BlackElo "2086"]
[TimeControl "180+1"]
[EndTime "10:56:36 PDT"]
[Termination "leopato won by resignation"]

1. d4 Nf6 2. Bg5 Ne4 3. Bf4 c5 4. f3 Qa5+ 5. c3 Nf6 6. Nd2 cxd4 7. Nb3 Qb6 8. Qxd4 Qxd4 9. cxd4 Nc6 10. e4 d5 11. e5 Nd7 12. Be3 Nb6 13. Rc1 Bd7 14. Nc5 Rb8 15. Nxd7 Kxd7 16. f4 e6 17. Nf3 Be7 18. Kf2 Rhc8 19. Bd3 a6 20. g4 Nb4 21.
Bb1 Nc4 22. a3 Nc6 23. Bxh7 g6 24. f5 gxf5 25. gxf5 Rh8 26. fxe6+ fxe6 27. Bd3 b5 28.
Rhg1 Nxb2 29. Bb1 Rbf8 30. Rg7 Nc4 31. Bd3 Rxh2+ 32. Kg3 Rhh8 33. Bxc4 bxc4 34. Rb1 Rhg8 35. Rb7+ Kc8 0-1

[Event "*** Titled Tuesday Blitz"]
[Site "Chess.com"]
[Date "2020.05.05"]
[Round "5"]
[White "Al_Shima"]
[Black "Salem-AR"]
[Result "0-1"]
[WhiteElo "2453"]
[BlackElo "2975"]
[TimeControl "180+1"]
[EndTime "10:56:37 PDT"]
[Termination "Salem-AR won by resignation"]

1. b3 e5 2. Bb2 Nc6 3. e3 Nf6 4. Bb5 Bd6 5. Ne2 Ne7 6. Ng3 c6 7. Be2 Bc7 8. e4 d5 9. d3 Be6 10. Nd2 Ng6 11. O-O h5 12. Bf3 h4 13. Ne2 h3 14. g3 Qd7 15. c4 dxc4 16. Nxc4 O-O-O 17. d4 Bxc4 18. bxc4 exd4 19. Qxd4 Be5 20. Qxd7+ Rxd7 21. Bxe5 Nxe5 22. Bh1 Rd2 23. Nf4 g5 24. Nd5 cxd5 25. cxd5 g4 26. f3 gxf3 27. Bxf3 Nxf3+ 28. Rxf3 Rg2+ 29. Kh1 Ng4 30. Raf1 Rxh2+ 31. Kg1 Rg2+ 32. Kh1 f6 33. Rf4 Rg8 34. Rf5 Rxg3 35. Rh5 Rg7 36. d6 Kd7 37. Rd5 Ne3 0-1

[Event "*** Titled Tuesday Blitz"]
[Site "Chess.com"]
[Date "2020.05.05"]
[Round "5"]
[White "kungmongmanh"]
[Black "chiwii"]
[Result "1-0"]
[WhiteElo "2562"]
[BlackElo "2257"]
[TimeControl "180+1"]
[EndTime "10:56:37 PDT"]
[Termination "kungmongmanh won by resignation"]

1. d4 Nf6 2. c4 g6 3. Nc3 Bg7 4. e4 d6 5. Nf3 O-O 6. Be2 c6 7. O-O Nbd7 8. Bg5 h6 9. Bh4 Qc7 10. Re1 e5 11. d5 Nc5 12. Nd2 a5 13. Rc1 g5 14. Bg3 Bd7 15. b3 b6 16. h4 g4 17. Qc2 h5 18. Nf1 Na6 19. a3 Ne8 20. Ne3 c5 21. Nb5 Qc8 22. Nf5 Bxf5 23. exf5 Nac7 24. Nc3 Nf6 25. Bd3 Re8 26. Rcd1 Rb8 27. a4 Na6 28. Nb5 Qd7 29. Be4 Nb4 30. Qb1 Bh6 31.
Re2 Bf4 32. Rde1 Bxg3 33. fxg3 Na6 34. Qc1 Nh7 35. f6 Nf8 36. Qh6 Ne6 37. dxe6 fxe6 38. Bg6 Nc7 39. f7+ 1-0

[Event "*** Titled Tuesday Blitz"]
[Site "Chess.com"]
[Date "2020.05.05"]
[Round "5"]
[White "MrTattaglia"]
[Black "Gloomy_Wanderer"]
[Result "1-0"]
[WhiteElo "2966"]
[BlackElo "2791"]
[TimeControl "180+1"]
[EndTime "10:56:38 PDT"]
[Termination "MrTattaglia won by resignation"]

1. Nf3 Nf6 2. g3 e6 3. Bg2 d5 4.
O-O Be7 5. c4 dxc4 6. Na3 Bxa3 7. bxa3 O-O 8. Qc2 Nc6 9. Qxc4 e5 10. Bb2 Qd6 11. d3 Be6 12. Qb5 a6 13. Qa4 h6 14.
Rfc1 Rfe8 15. Qc2 Rad8 16. Bc3 Nd7 17. Qb2 Rb8 18. a4 f6 19. Nd2 Nb6 20. Ne4 Qe7 21.
Qc2 Nd5 22. Bb2 Ndb4 23. Qd2 Nxa2 24. Rc5 Nab4 25. Ba3 a5 26. Rb1 Qd7 27. Rbc1 Rbc8 28. Qb2 b6 29. R5c3 Nd4 30. e3 Nf5 31. Bxb4 axb4 32.
Qxb4 Kh7 33. a5 bxa5 34. Qxa5 c6 35. Nc5 Qc7 36. Qxc7 Rxc7 37. Nxe6 Rxe6 38. Bh3 g6 39.
e4 1-0

[Event "*** Titled Tuesday Blitz"]
[Site "Chess.com"]
[Date "2020.05.05"]
[Round "5"]
[White "Lagmantr"]
[Black "Azeryahu"]
[Result "1/2-1/2"]
[WhiteElo "2715"]
[BlackElo "2897"]
[TimeControl "180+1"]
[EndTime "10:56:38 PDT"]
[Termination "Game drawn by repetition"]

1. e4 c6 2. d4 d5 3. Nc3 dxe4 4. Nxe4 Bf5 5. Ng3 Bg6 6. Bc4 e6 7. N1e2 Bd6 8. O-O Nf6 9. f4 O-O 10. f5 exf5 11. Nxf5 Bc7 12. Bg5 Nbd7 13. Neg3 Re8 14. c3 Qb8 15. Qf3 Bxg3 16. hxg3 Bxf5 17. Qxf5 Qxg3 18.
Bxf7+ Kxf7 19. Qxd7+ Re7 20. Bxf6 Qe3+ 21. Kh2 gxf6 22.
Qf5 Qh6+ 23. Kg1 Rae8 24. Qf4 Qxf4 25. Rxf4 Re1+ 26. Rxe1 Rxe1+ 27. Rf1 Re2 28. Rf2 Re1+ 29. Rf1 Re2 30. Rf2 Re1+ 31. Rf1 1/2-1/2

[Event "*** Titled Tuesday Blitz"]
[Site "Chess.com"]
[Date "2020.05.05"]
[Round "5"]
[White "elohunter1999"]
[Black "LikeWater"]
[Result "1-0"]
[WhiteElo "2518"]
[BlackElo "2702"]
[TimeControl "180+1"]
[EndTime "10:56:38 PDT"]
[Termination "elohunter1999 won by checkmate"]

1. e4 c5 2. Nf3 e6 3. d4 cxd4 4. Nxd4 Nc6 5. Nc3 Qc7 6. Be3 Nf6 7. f4 Nxd4 8. Bxd4 Qxf4 9. g3 Qc7 10. e5 Nd5 11.
Nxd5 exd5 12. Bg2 Bc5 13. Qg4 O-O 14. e6 f6 15. e7 Bxe7 16. Bxd5+ Kh8 17. O-O-O Bc5 18.
Rhe1 d6 19. Qe4 Bh3 20. Bxc5 Qxc5 21. Bxb7 Rab8 22. Bd5 Rfc8 23. Qd3 Qb6 24. Bb3 a5 25. Qxd6 Qb5 26. Qd5 Qb4 27. Re4 Qf8 28. Rh4 a4 29.
Rxh7+ Kxh7 30. Qh5# 1-0

[Event "*** Titled Tuesday Blitz"]
[Site "Chess.com"]
[Date "2020.05.05"]
[Round "5"]
[White "Pomegranate988"]
[Black "PetrolulSah"]
[Result "1-0"]
[WhiteElo "2473"]
[BlackElo "2271"]
[TimeControl "180+1"]
[EndTime "10:56:39 PDT"]
[Termination "Pomegranate988 won by resignation"]

1. d4 d5 2. c4 c6 3. Nf3 Nf6 4. Nc3 dxc4 5. e4 b5 6. Be2 b4 7. Na4 Nxe4 8. Bxc4 e6 9. O-O Be7 10. Re1 Nf6 11. Bg5 O-O 12. Ne5 Bb7 13. Rc1 Nbd7 14.
Bb3 Nxe5 15. Rxe5 Nd7 16. Bxe7 Qxe7 17. Rh5 g6 18. Rh3 Rac8 19. Qd2 c5 20. Qh6 f6 21. Nxc5 Nxc5 22. dxc5 Bd5 23. Bxd5 exd5 24. Re3 Qd7 25. Rd3 Rfe8 26. Qd2 Re5 27. Qxb4 Re2 28. Qd4 Rce8 29. h3 Re1+ 30. Rxe1 Rxe1+ 31. Kh2 Qc7+ 32. g3 Re5 33. b4 Kg7 34. b5 Re2 35. a4 Rc2 36. c6 Qe7 37. Rf3 Qe6 38. Qxa7+ Kh6 39. Qe3+ Kg7 40.
Qxe6 1-0

[Event "*** Titled Tuesday Blitz"]
[Site "Chess.com"]
[Date "2020.05.05"]
[Round "5"]
[White "atalz0"]
[Black "Xeniya2005"]
[Result "1-0"]
[WhiteElo "2480"]
[BlackElo "2289"]
[TimeControl "180+1"]
[EndTime "10:56:40 PDT"]
[Termination "atalz0 won by resignation"]

1. d4 Nf6 2. c4 e6 3. Nc3 d5 4. cxd5 exd5 5. Bg5 Be7 6. e3 O-O 7. Bd3 b6 8. Nge2 Bb7 9. O-O Nbd7 10. Rc1 a6 11. Bb1 h6 12. Bf4 Rc8 13. Ng3 Bb4 14. a3 Bxc3 15. Rxc3 c5 16. Nf5 cxd4 17. Rxc8 Bxc8 18.
Qxd4 Nc5 19. Be5 Ne6 20. Qh4 Ne4 21. Ne7+ Kh7 22. Rd1 Re8 23. Bxe4+ dxe4 24. Rxd8 Rxd8 25. Qxe4+ g6 26. h4 Rd1+ 27. Kh2 Nc5 28. Qc6 Be6 29.
Qe8 1-0

[Event "*** Titled Tuesday Blitz"]
[Site "Chess.com"]
[Date "2020.05.05"]
[Round "5"]
[White "Ranindu2003"]
[Black "Eloist"]
[Result "1-0"]
[WhiteElo "2490"]
[BlackElo "2236"]
[TimeControl "180+1"]
[EndTime "10:56:40 PDT"]
[Termination "Ranindu2003 won on time"]

1. e4 e6 2. d4 d5 3. Nd2 Nf6 4. e5 Nfd7 5. Bd3 c5 6. c3 b6 7. Ngf3 Ba6 8. Bxa6 Nxa6 9. O-O b5 10. Qe2 Qb6 11. dxc5 Naxc5 12. Nb3 Nxb3 13. axb3 Be7 14. Be3 Bc5 15. Bxc5 Nxc5 16. Nd4 Rb8 17. b4 Nd7 18. Ra5 a6 19. Rfa1 Qc7 20. f4 O-O 21. Rxa6 Nb6 22. Nxb5 Qc4 23. Qxc4 Nxc4 24. Nd6 Nxb2 25. Kf2 g5 26. g3 f6 27. Ke3 gxf4+ 28. gxf4 fxe5 29. fxe5 Nc4+ 30. Nxc4 dxc4 31. Rxe6 Rbd8 32. Rd6 Rfe8 33. Rxd8 Rxd8 34. Ke4 Rd3 35. Kf5 Rxc3 36. Ra8+ Kf7 37. Ra7+ Ke8 38. Ke6 Kf8 39. Ra8+ Kg7 40. Ke7 1-0

[Event "*** Titled Tuesday Blitz"]
[Site "Chess.com"]
[Date "2020.05.05"]
[Round "5"]
[White "DenisQ"]
[Black "Beca95"]
[Result "0-1"]
[WhiteElo "2678"]
[BlackElo "2866"]
[TimeControl "180+1"]
[EndTime "10:56:41 PDT"]
[Termination "Beca95 won on time"]

1. Nf3 g6 2. c4 Bg7 3. g3 d6 4. Bg2 e5 5. O-O Nd7 6. Nc3 Nh6 7. d3 O-O 8. Rb1 a5 9. a3 f5 10. Nd5 Nf7 11. Qc2 a4 12. Nc3 Nc5 13. Be3 Bd7 14. Nd2 Ne6 15. f4 Nd4 16. Qd1 c6 17. Nxa4 exf4 18.
Bxf4 Nxe2+ 19. Qxe2 Rxa4 20. Nf3 Ra8 21. Rbe1 Qb6+ 22. d4 Rae8 23. Qf2 Qb3 24. Rc1 b5 25. Rc3 Qa4 26. b4 c5 27. Rcc1 cxb4 28. axb4 bxc4 0-1

[Event "*** Titled Tuesday Blitz"]
[Site "Chess.com"]
[Date "2020.05.05"]
[Round "5"]
[White "Zhuu96"]
[Black "CaptainTheTT"]
[Result "1-0"]
[WhiteElo "2918"]
[BlackElo "2238"]
[TimeControl "180+1"]
[EndTime "10:56:42 PDT"]
[Termination "Zhuu96 won on time"]

1. e4 c5 2. Nf3 Nc6 3. d4 cxd4 4.
Nxd4 e5 5. Nb5 d6 6. c4 Be7 7. N1c3 a6 8. Na3 Be6 9. Bd3 Nf6 10. Nc2 O-O 11. O-O Nd7 12. Be3 Bg5 13. Be2 Bxe3 14.
Nxe3 Nd4 15. Bd3 Qg5 16. g3 Nc5 17. Bb1 Bh3 18. f4 exf4 19. Rxf4 Nce6 20. Ned5 h5 21. Rf2 Bg4 22. Qd3 Qe5 23. Ne7+ Kh8 24. Nf5 Nxf5 25. exf5 Ng5 26. Rf1 f6 27. h4 Nf7 28. Bc2 Qc5+ 29. Kh2 Ne5 30. Qe4 Qxc4 31. Qg2 Qc6 32. Be4 Qb6 33. Nd5 Qa7 34. Nc7 Rac8 35. Ne6 Rfe8 36. Bxb7 Rb8 37. Be4 Nc4 38. Rf2 Ne3 39.
Qg1 d5 40. Bd3 Qb6 41. Re1 d4 42. b3 Qa5 43. Nxd4 Rbd8 44. Nc6 1-0

[Event "*** Titled Tuesday Blitz"]
[Site "Chess.com"]
[Date "2020.05.05"]
[Round "5"]
[White "MiroVlasenko"]
[Black "AcsinteMatei"]
[Result "1-0"]
[WhiteElo "2578"]
[BlackElo "2402"]
[TimeControl "180+1"]
[EndTime "10:56:42 PDT"]
[Termination "MiroVlasenko won on time"]

1. e4 c6 2. Nc3 d5 3. Qe2 g6 4. exd5 cxd5 5. Qb5+ Bd7 6. Qxb7 Nc6 7. Nxd5 Rc8 8. Bb5 e6 9. Ne3 Nge7 10. Nf3 Bg7 11.
c3 a6 12. Be2 O-O 13. Qxa6 f5 14. O-O e5 15. d4 e4 16. Ng5 h6 17. Qc4+ Kh8 18. Nf7+ Rxf7 19. Qxf7 Be8 20. Qb3 f4 21. Bg4 Rb8 22. Qc2 fxe3 23. Bxe3 Qd5 24. b3 h5 25. Be2 Nf5 26. Bc4 Qd6 27. Qxe4 Bd7 28. Bf4 Qf8 29.
Bxb8 Qxb8 30. Rae1 Nce7 31. Be6 Bc6 32. d5 Nd6 33.
Qf4 1-0

[Event "*** Titled Tuesday Blitz"]
[Site "Chess.com"]
[Date "2020.05.05"]
[Round "5"]
[White "Lunow"]
[Black "ljuks68"]
[Result "0-1"]
[WhiteElo "2200"]
[BlackElo "2367"]
[TimeControl "180+1"]
[EndTime "10:56:43 PDT"]
[Termination "ljuks68 won on time"]

1. c4 c6 2. g3 d5 3. Nf3 Nf6 4. Bg2 Bf5 5. Qb3 Qb6 6. d3 Qxb3 7. axb3 Na6 8. Be3 e6 9. Nc3 Bd6 10. Nh4 Bg6 11. O-O O-O 12. f4 Nc5 13. b4 Nb3 14.
Ra3 d4 15. Rxb3 dxe3 16. b5 Rac8 17. Ra1 Bc5 18. bxc6 bxc6 19. Ra6 Rb8 20. Rxb8 Rxb8 21. Na4 Bd4 22. Nxg6 hxg6 23. Bxc6 Bxb2 24. Rxa7 Bd4 25.
Ra8 Rxa8 26. Bxa8 Kf8 27. Kg2 Ke7 28. Kf3 Kd6 29. g4 e5 30. g5 Nh5 31. fxe5+ Kxe5 32. Bc6 f6 33. Be8 Nf4 34. c5 fxg5 35. c6 Kd6 36. Ke4 Nxe2 37. Bxg6 Ng3+ 38. hxg3 e2 39. Kxd4 e1=Q 0-1

[Event "*** Titled Tuesday Blitz"]
[Site "Chess.com"]
[Date "2020.05.05"]
[Round "5"]
[White "Quaternitychess"]
[Black "Micki-taryan"]
[Result "0-1"]
[WhiteElo "2431"]
[BlackElo "3074"]
[TimeControl "180+1"]
[EndTime "10:56:44 PDT"]
[Termination "Micki-taryan won on time"]

1. e4 e5 2. Nf3 Nc6 3. d4 exd4 4. Nxd4 Nf6 5. Nxc6 bxc6 6. e5 Qe7 7. Qe2 Nd5 8.
c4 Nb6 9. Nc3 Qe6 10. Qe4 d5 11. exd6 cxd6 12. Bd3 Qxe4+ 13. Bxe4 Bd7 14. b3 O-O-O 15. O-O Be7 16. Be3 Rhe8 17. Rac1 f5 18. Bf3 g5 19. g3 Bf6 20. Rfd1 f4 21. gxf4 gxf4 22. Bxf4 Bh3 23. Ne4 Rg8+ 24. Bg3 Be7 25. c5 dxc5 26. Rxd8+ Rxd8 27. Nxc5 Rd2 28. a4 Rb2 29.
Nd3 Rxb3 30. Ne5 c5 31. a5 Nd7 32. Bd5 Ra3 33. Nc6 Bg5 34. Nxa7+ Kd8 35. Nc6+ Kc8 36. Re1 Nf6 37. Bg2 Bxg2 38. Kxg2 Kb7 39. Re6 Nd5 40.
Ne5 Rxa5 41. h4 Nf4+ 42. Bxf4 Bxf4 43. Nd3 Bd2 44. Re7+ Kc6 45. Rxh7 c4 0-1

[Event "*** Titled Tuesday Blitz"]
[Site "Chess.com"]
[Date "2020.05.05"]
[Round "5"]
[White "LiderChessAcademy"]
[Black "DFeco"]
[Result "1-0"]
[WhiteElo "2463"]
[BlackElo "2218"]
[TimeControl "180+1"]
[EndTime "10:56:44 PDT"]
[Termination "LiderChessAcademy won by resignation"]

1. d4 d5 2. c4 c6 3. Nc3 Nf6 4. cxd5 cxd5 5. Bf4 Nc6 6. e3 a6 7. Bd3 Bg4 8. Nge2 e6 9. f3 Bh5 10. g4 Bg6 11. h4 Bxd3 12. Qxd3 Bd6 13. h5 Bxf4 14.
Nxf4 Qb6 15. g5 Nd7 16. b3 O-O-O 17. Kf2 Kb8 18. Rac1 Nb4 19. Qd2 Qa5 20. Na4 e5 21.
a3 exf4 22. axb4 fxe3+ 23. Qxe3 Qxb4 24. Qf4+ Ka7 25. Rc7 Qxb3 26. Nc5 Nxc5 27. dxc5 Rhe8 28. c6 Rb8 29. Rc1 Qb2+ 30. Kg3 Qe5 31. Rxf7 Qxf4+ 32.
Kxf4 Rf8 33. g6 hxg6 34. hxg6 Rxf7+ 35. gxf7 bxc6 36. Ke5 Kb6 37. Ke6 c5 38. Rb1+ 1-0

[Event "*** Titled Tuesday Blitz"]
[Site "Chess.com"]
[Date "2020.05.05"]
[Round "5"]
[White "pgradalski"]
[Black "elsemenova"]
[Result "0-1"]
[WhiteElo "2205"]
[BlackElo "2391"]
[TimeControl "180+1"]
[EndTime "10:56:44 PDT"]
[Termination "elsemenova won on time"]

1. e4 e5 2. Nc3 Nf6 3. Bc4 Nxe4 4. Qh5 Nd6 5. Bb3 Be7 6. Qxe5 O-O 7. Nf3 Nc6 8. Qh5 g6 9. Qd5 Nb4 10. Qa5 Nf5 11. O-O b6 12. Qe5 Bb7 13. Ne4 d6 14.
Qf4 d5 15. Neg5 h6 16. Nxf7 Rxf7 17. Ne5 Rg7 18. d4 Bd6 19. c3 Na6 20. g4 Nh4 21.
Qxh6 Bxe5 22. dxe5 Nf3+ 23. Kg2 Nxe5 24. Bf4 Nxg4 25.
Qg5 Qxg5 26. Bxg5 Nc5 27. h3 Nxb3 28. Bf4 Nxa1 0-1

[Event "*** Titled Tuesday Blitz"]
[Site "Chess.com"]
[Date "2020.05.05"]
[Round "5"]
[White "Belka1989"]
[Black "annacramling"]
[Result "0-1"]
[WhiteElo "2112"]
[BlackElo "1929"]
[TimeControl "180+1"]
[EndTime "10:56:44 PDT"]
[Termination "annacramling won by checkmate"]

1. e4 c5 2. Nf3 a6 3. d4 cxd4 4. Nxd4 Nf6 5. Nc3 e5 6. Nf3 Nc6 7. Bc4 Bb4 8. O-O O-O 9. Re1 h6 10. a3 Be7 11. Nd5 d6 12. Nxf6+ Bxf6 13. Be3 Bg4 14.
h3 Bh5 15. g4 Bg6 16. Qd2 Bxe4 17. Nh2 Bg6 18. Rad1 Be7 19. Bd5 Rc8 20. c3 e4 21.
Bf4 Na5 22. Bxe4 Nc4 23. Qc2 Bxe4 24. Rxe4 d5 25. Red4 Nb6 26. Qf5 Bf6 27. R4d2 Qe7 28. Nf3 Qe4 29. Qxe4 dxe4 30. Ne5 Bxe5 31. Bxe5 Nc4 32.
Bg3 Nxd2 33. Rxd2 Rfd8 34. Re2 Rd1+ 35. Kg2 Re8 36. Re3 Rd3 37. Re2 e3 38. fxe3 Rdxe3 39. Rxe3 Rxe3 40. Kf2 Rd3 41. Bf4 g5 42. Be3 Kg7 43.
Ke2 Rd7 44. Bd4+ Kg6 45. Ke3 f5 46. Kf3 fxg4+ 47. hxg4 Re7 48. Kg3 h5 49. gxh5+ Kxh5 50. b4 Re2 51. Bf6 Ra2 52. c4 Rxa3+ 53. Kf2 Rb3 54.
b5 axb5 55. cxb5 Rxb5 56. Bd4 Rf5+ 57. Kg3 b5 58. Bc3 Rc5 59. Bd2 Rc4 60. Kf3 b4 61. Kg3 b3 62. Ba5 b2 63. Bd8 b1=Q 64. Bf6 Qd3+ 65.
Kg2 Rc2+ 66. Kg1 Qd1# 0-1

[Event "*** Titled Tuesday Blitz"]
[Site "Chess.com"]
[Date "2020.05.05"]
[Round "5"]
[White "Harsha_Bharathakoti"]
[Black "louis198"]
[Result "1-0"]
[WhiteElo "2834"]
[BlackElo "2547"]
[TimeControl "180+1"]
[EndTime "10:56:46 PDT"]
[Termination "Harsha_Bharathakoti won by resignation"]

1. Nf3 d5 2. c4 e6 3. d4 Nf6 4. Nc3 Be7 5. Bf4 O-O 6. a3 a5 7.
Qc2 c5 8. dxc5 Bxc5 9. e3 Qe7 10. Rd1 Rd8 11. Bg5 dxc4 12. Rxd8+ Qxd8 13. Bxc4 h6 14. Bh4 Bd7 15. O-O Be7 16. Ne5 Be8 17.
Rd1 Qc8 18. Qe2 Nc6 19. Bg3 Nxe5 20. Bxe5 Nd7 21. Bg3 Nb6 22. Bb5 Bc6 23. h3 Bf6 24. Bxc6 Qxc6 25. Rd6 Qc4 26. Rxb6 Qc5 27. Rb5 Qc6 28.
Be5 Be7 29. Qf3 f6 30. Qxc6 bxc6 31. Rb7 Bf8 32. Bc7 a4 33. Ne4 f5 34. Nd2 Be7 35. Nc4 Bf6 36. Be5 Bxe5 37. Nxe5 Rc8 38. Rb4 c5 39.
Rxa4 Rb8 40. b4 cxb4 41. Rxb4 Ra8 42. a4 Ra5 43. Nc4 Rc5 44. a5 1-0